| TOP OF THE 1ST |
|
Wisconsin Rapids Timber Rattlers batting - Pitching for Quincy Cubs : LHP Ramon Mascorro
|
|
Pitching: LHP Ramon Mascorro
|
|
|
Batting: RHB Jim Presley
|
0-0: DOUBLE (Line Drive, 9LM, EV 107.5 MPH)
|
|
Batting: LHB Matt Hall
|
0-0: Called Strike 0-1: Ball 1-1: Foul Ball, location: 2F 1-2: Fly out, F7 (Flyball, 7LS, EV 91.3 MPH)
|
|
Batting: LHB Dion James
|
0-0: Fly out, F8 (Flyball, 78D, EV 87.5 MPH)
|
|
Batting: RHB Tim Pyznarski
|
0-0: Fly out, F7 (Flyball, 7D, EV 105.6 MPH)
|
| Top of the 1st over - 0 runs, 1 hit, 0 errors, 1 left on base; Wisconsin Rapids 0 - Quincy 0 |
| BOTTOM OF THE 1ST |
|
Quincy Cubs batting - Pitching for Wisconsin Rapids Timber Rattlers : LHP Jesus Sausedo
|
|
Pitching: LHP Jesus Sausedo
|
|
|
Batting: SHB Selwyn Young
|
0-0: Ball 1-0: Foul Ball, location: 2F 1-1: Foul Ball, location: 2F 1-2: Strikes out swinging
|
|
Batting: RHB Jack Ayer
|
0-0: Foul Ball, location: 2F 0-1: Fly out, F9 (Flyball, 9S, EV 83.8 MPH)
|
|
Batting: SHB Willie Perez
|
0-0: Called Strike 0-1: Swinging Strike 0-2: Strikes out looking
|
| Bottom of the 1st over - 0 runs, 0 hits, 0 errors, 0 left on base; Wisconsin Rapids 0 - Quincy 0 |
| TOP OF THE 2ND |
|
Wisconsin Rapids Timber Rattlers batting - Pitching for Quincy Cubs : LHP Ramon Mascorro
|
|
Batting: LHB Greg Smith
|
0-0: Fly out, F8 (Flyball, 78D, EV 86.9 MPH)
|
|
Batting: RHB Phil Lombardi
|
0-0: Ball 1-0: Fly out, F3 (Popup, 3SF, EV 75.6 MPH)
|
|
Batting: LHB Jerry George
|
0-0: Ball 1-0: Called Strike 1-1: Ground out 4-3 (Groundball, 4S, EV 70.6 MPH)
|
| Top of the 2nd over - 0 runs, 0 hits, 0 errors, 0 left on base; Wisconsin Rapids 0 - Quincy 0 |
| BOTTOM OF THE 2ND |
|
Quincy Cubs batting - Pitching for Wisconsin Rapids Timber Rattlers : LHP Jesus Sausedo
|
|
Batting: RHB Wes Clements
|
0-0: Called Strike 0-1: Ball 1-1: Called Strike 1-2: Ball 2-2: Ball 3-2: Foul Ball, location: 2F 3-2: Strikes out swinging, 2-3 out at first.
|
|
Batting: RHB Roger Hansen
|
0-0: Called Strike 0-1: Ball 1-1: Swinging Strike 1-2: Ball 2-2: SOLO HOME RUN (Flyball, 7D, EV 98.8 MPH), Distance : 371 ft
|
|
Batting: RHB Alex Juarez
|
0-0: Called Strike 0-1: Ball 1-1: Ball 2-1: Ball 3-1: Called Strike 3-2: DOUBLE (Groundball, 5L, EV 101.3 MPH)
|
|
Batting: LHB Dennis Mork
|
0-0: Fly out, F5 (Popup, 5F, EV 78.1 MPH)
|
|
Batting: RHB Garry Keeton
|
0-0: Called Strike 0-1: Ball 1-1: Foul Ball, location: 2F 1-2: Foul Ball, location: 2F 1-2: Ground out 5-3 (Groundball, 5L, EV 89.4 MPH)
|
| Bottom of the 2nd over - 1 run, 2 hits, 0 errors, 1 left on base; Wisconsin Rapids 0 - Quincy 1 |
| TOP OF THE 3RD |
|
Wisconsin Rapids Timber Rattlers batting - Pitching for Quincy Cubs : LHP Ramon Mascorro
|
|
Batting: LHB Jimmy Hickman
|
0-0: Fly out, F4 (Flyball, 34D, EV 85.6 MPH)
|
|
Batting: RHB Justin Andrews
|
0-0: Ball 1-0: Ball 2-0: Ball 3-0: Fly out, F8 (Line Drive, 8RM, EV 85.6 MPH)
|
|
Batting: RHB Jim Presley
|
0-0: Ball 1-0: Fly out, F9 (Flyball, 9LD, EV 88.1 MPH)
|
| Top of the 3rd over - 0 runs, 0 hits, 0 errors, 0 left on base; Wisconsin Rapids 0 - Quincy 1 |
| BOTTOM OF THE 3RD |
|
Quincy Cubs batting - Pitching for Wisconsin Rapids Timber Rattlers : LHP Jesus Sausedo
|
|
Batting: RHB Billy Best
|
0-0: Called Strike 0-1: Ball 1-1: Foul Ball, location: 2F 1-2: Ball 2-2: Ball 3-2: Fly out, F7 (Flyball, 7, EV 90.6 MPH)
|
|
Batting: SHB Selwyn Young
|
0-0: Ball 1-0: Fly out, F3 (Popup, 3SF, EV 70.6 MPH)
|
|
Batting: RHB Jack Ayer
|
0-0: Ball 1-0: Foul Ball, location: 2F 1-1: Ball 2-1: Foul Ball, location: 2F 2-2: Strikes out looking
|
| Bottom of the 3rd over - 0 runs, 0 hits, 0 errors, 0 left on base; Wisconsin Rapids 0 - Quincy 1 |
| TOP OF THE 4TH |
|
Wisconsin Rapids Timber Rattlers batting - Pitching for Quincy Cubs : LHP Ramon Mascorro
|
|
Batting: LHB Matt Hall
|
0-0: Called Strike 0-1: Ground out 6-3 (Groundball, 6, EV 81.3 MPH)
|
|
Batting: LHB Dion James
|
0-0: Ball 1-0: Swinging Strike 1-1: Ball 2-1: Swinging Strike 2-2: Ground out U3 (Groundball, 13, EV 86.3 MPH)
|
|
Batting: RHB Tim Pyznarski
|
0-0: Ball 1-0: Called Strike 1-1: Ball 2-1: Swinging Strike 2-2: Strikes out looking
|
| Top of the 4th over - 0 runs, 0 hits, 0 errors, 0 left on base; Wisconsin Rapids 0 - Quincy 1 |
| BOTTOM OF THE 4TH |
|
Quincy Cubs batting - Pitching for Wisconsin Rapids Timber Rattlers : LHP Jesus Sausedo
|
|
Batting: SHB Willie Perez
|
0-0: Fly out, F9 (Flyball, 9LM, EV 94.4 MPH)
|
|
Batting: RHB Wes Clements
|
0-0: Called Strike 0-1: Ball 1-1: Ball 2-1: Foul Ball, location: 2F 2-2: Ball 3-2: Base on Balls
|
|
Batting: RHB Roger Hansen
|
0-0: Reached on error, E1 (Groundball, P, EV 68.8 MPH) Wes Clements to second
|
|
Batting: RHB Alex Juarez
|
0-0: Foul Ball, location: 2F 0-1: Fly out, F8 (Line Drive, 8RD, EV 88.8 MPH)
|
|
Batting: LHB Dennis Mork
|
0-0: Ball 1-0: Ball 2-0: Foul Ball, location: 2F 2-1: Fielders Choice at 2nd, 6-4 (Groundball, 6, EV 81.9 MPH)
|
| Bottom of the 4th over - 0 runs, 0 hits, 1 error, 2 left on base; Wisconsin Rapids 0 - Quincy 1 |
| TOP OF THE 5TH |
|
Wisconsin Rapids Timber Rattlers batting - Pitching for Quincy Cubs : LHP Ramon Mascorro
|
|
Batting: LHB Greg Smith
|
0-0: Called Strike 0-1: Ball 1-1: Swinging Strike 1-2: Ball 2-2: Strikes out swinging
|
|
Batting: RHB Phil Lombardi
|
0-0: Fly out, F4 (Popup, 4, EV 76.9 MPH)
|
|
Batting: LHB Jerry George
|
0-0: DOUBLE (Flyball, 9LD, EV 109.4 MPH)
|
|
Batting: LHB Jimmy Hickman
|
0-0: Called Strike 0-1: TRIPLE (Line Drive, 89XD, EV 108.8 MPH) Jerry George scores
|
|
Batting: RHB Justin Andrews
|
0-0: Called Strike 0-1: Fly out, F7 (Flyball, 7LD, EV 103.8 MPH)
|
| Top of the 5th over - 1 run, 2 hits, 0 errors, 1 left on base; Wisconsin Rapids 1 - Quincy 1 |
| BOTTOM OF THE 5TH |
|
Quincy Cubs batting - Pitching for Wisconsin Rapids Timber Rattlers : LHP Jesus Sausedo
|
|
Batting: RHB Garry Keeton
|
0-0: Called Strike 0-1: Ball 1-1: Ball 2-1: Ground out 6-3 (Groundball, 6, EV 85.0 MPH)
|
|
Batting: RHB Billy Best
|
0-0: Ball 1-0: Ball 2-0: Called Strike 2-1: Foul Ball, location: 2F 2-2: Strikes out looking
|
|
Batting: SHB Selwyn Young
|
0-0: Ball 1-0: Ball 2-0: Ball 3-0: Base on Balls
|
|
Pitching: RHP Juan Maravilla
|
|
|
Batting: RHB Jack Ayer
|
0-0: Ball 1-0: Ball 2-0: Foul Ball, location: 2F 2-1: Ground out 4-3 (Groundball, 4S, EV 70.6 MPH)
|
| Bottom of the 5th over - 0 runs, 0 hits, 0 errors, 1 left on base; Wisconsin Rapids 1 - Quincy 1 |
| TOP OF THE 6TH |
|
Wisconsin Rapids Timber Rattlers batting - Pitching for Quincy Cubs : LHP Ramon Mascorro
|
|
Batting: RHB Jim Presley
|
0-0: Called Strike 0-1: Ball 1-1: Ball 2-1: Hit by Pitch
|
|
Batting: LHB Matt Hall
|
0-0: Ball 1-0: Bunt - Flyout to 15S! F1
|
|
Batting: LHB Dion James
|
0-0: Ball 1-0: Called Strike 1-1: Ball 2-1: Foul Ball, location: 2F 2-2: Ball Jim Presley steals 2nd base (no throw) 3-2: Foul Ball, location: 2F 3-2: Base on Balls
|
|
Batting: RHB Tim Pyznarski
|
0-0: Called Strike 0-1: Fielders Choice at 2nd, 6-4 (Groundball, 6MS, EV 85.0 MPH) Jim Presley to third
|
|
Batting: LHB Greg Smith
|
0-0: Ball 1-0: Ball 2-0: Called Strike 2-1: Ground out 4-3 (Groundball, 4, EV 85.0 MPH)
|
| Top of the 6th over - 0 runs, 0 hits, 0 errors, 2 left on base; Wisconsin Rapids 1 - Quincy 1 |
| BOTTOM OF THE 6TH |
|
Quincy Cubs batting - Pitching for Wisconsin Rapids Timber Rattlers : RHP Juan Maravilla
|
|
Batting: SHB Willie Perez
|
0-0: Swinging Strike 0-1: Ball 1-1: Ball 2-1: Ball 3-1: Foul Ball, location: 2F 3-2: Base on Balls
|
|
Batting: RHB Wes Clements
|
0-0: Ball 1-0: Ball 2-0: Swinging Strike 2-1: Grounds into double play, 6-4-3 (Groundball, 6, EV 96.9 MPH)
|
|
Batting: RHB Roger Hansen
|
0-0: Ball 1-0: Ball 2-0: Ball 3-0: Called Strike 3-1: Called Strike 3-2: Base on Balls
|
|
Batting: RHB Alex Juarez
|
0-0: Fielders Choice at 2nd, 6-4 (Groundball, 6, EV 100.0 MPH)
|
| Bottom of the 6th over - 0 runs, 0 hits, 0 errors, 1 left on base; Wisconsin Rapids 1 - Quincy 1 |
| TOP OF THE 7TH |
|
Wisconsin Rapids Timber Rattlers batting - Pitching for Quincy Cubs : LHP Ramon Mascorro
|
|
Batting: RHB Phil Lombardi
|
0-0: Ball 1-0: Called Strike 1-1: Swinging Strike 1-2: Ball 2-2: SINGLE (Groundball, 56D, EV 95.6 MPH)
|
|
Batting: LHB Jerry George
|
0-0: Called Strike 0-1: Ball 1-1: Foul Ball, location: 2F 1-2: Ball 2-2: Fly out, F8 (Flyball, 8RD, EV 86.9 MPH)
|
|
Batting: LHB Jimmy Hickman
|
0-0: Ball 1-0: Fly out, F6 (Line Drive, 6, EV 71.3 MPH)
|
|
Batting: RHB Justin Andrews
|
0-0: Ball 1-0: Fielders Choice at 2nd, 6-4 (Groundball, 6, EV 87.5 MPH)
|
| Top of the 7th over - 0 runs, 1 hit, 0 errors, 1 left on base; Wisconsin Rapids 1 - Quincy 1 |
| BOTTOM OF THE 7TH |
|
Quincy Cubs batting - Pitching for Wisconsin Rapids Timber Rattlers : RHP Juan Maravilla
|
|
Batting: LHB Dennis Mork
|
0-0: Ball 1-0: Ball 2-0: Ball 3-0: Base on Balls
|
|
Batting: RHB Garry Keeton
|
0-0: Sac Bunt to 15 - play at first, batter OUT! 1-3 Dennis Mork to second
|
|
Batting: RHB Billy Best
|
0-0: Called Strike 0-1: Foul Ball, location: 2F 0-2: Ground out 5-3 (Groundball, 56, EV 106.3 MPH)
|
|
Batting: SHB Selwyn Young
|
0-0: Ball 1-0: Called Strike 1-1: Foul Ball, location: 2F 1-2: Ball 2-2: Foul Ball, location: 2F 2-2: Ball 3-2: Strikes out swinging
|
| Bottom of the 7th over - 0 runs, 0 hits, 0 errors, 1 left on base; Wisconsin Rapids 1 - Quincy 1 |
| TOP OF THE 8TH |
|
Wisconsin Rapids Timber Rattlers batting - Pitching for Quincy Cubs : LHP Ramon Mascorro
|
|
Batting: RHB Jim Presley
|
0-0: Ball 1-0: Foul Ball, location: 2F 1-1: Foul Ball, location: 2F 1-2: Foul Ball, location: 2F 1-2: Foul Ball, location: 2F 1-2: Fly out, F8 (Flyball, 8RM, EV 91.3 MPH)
|
|
Batting: LHB Matt Hall
|
0-0: Ball 1-0: Fly out, F7 (Line Drive, 7, EV 92.5 MPH)
|
|
Batting: LHB Dion James
|
0-0: Ball 1-0: Called Strike 1-1: Foul Ball, location: 2F 1-2: Ball 2-2: SINGLE (Line Drive, 4M, EV 101.9 MPH)
|
|
Batting: RHB Tim Pyznarski
|
0-0: Ball 1-0: Ball 2-0: Called Strike 2-1: Foul Ball, location: 2F 2-2: Strikes out looking
|
| Top of the 8th over - 0 runs, 1 hit, 0 errors, 1 left on base; Wisconsin Rapids 1 - Quincy 1 |
| BOTTOM OF THE 8TH |
|
Quincy Cubs batting - Pitching for Wisconsin Rapids Timber Rattlers : RHP Juan Maravilla
|
|
Batting: RHB Jack Ayer
|
0-0: Called Strike 0-1: Ball 1-1: DOUBLE (Flyball, 8RXD, EV 109.4 MPH)
|
|
Batting: SHB Willie Perez
|
0-0: Intentional Walk
|
|
Batting: RHB Wes Clements
|
0-0: Ball 1-0: Fly out, F3 (Flyball, 3D, EV 82.5 MPH)
|
|
Batting: RHB Roger Hansen
|
0-0: Foul Ball, location: 2F 0-1: Ball 1-1: Foul Ball, location: 2F 1-2: Ball 2-2: Ball 3-2: Foul Ball, location: 2F 3-2: Base on Balls Jack Ayer to third Willie Perez to second
|
|
Batting: RHB Alex Juarez
|
0-0: Ball 1-0: Called Strike 1-1: Ball 2-1: Ball 3-1: Base on Balls Jack Ayer scores Willie Perez to third Roger Hansen to second
|
|
Batting: LHB Dennis Mork
|
0-0: Ball 1-0: Ball 2-0: Grounds into fielders choice 4-2 (Groundball, 4, EV 96.9 MPH) Roger Hansen to third Alex Juarez to second
|
|
Batting: RHB Garry Keeton
|
0-0: Ball 1-0: Foul Ball, location: 2F 1-1: Ball 2-1: Ball 3-1: Foul Ball, location: 2F 3-2: Ground out 5-3 (Groundball, 5S, EV 87.5 MPH)
|
| Bottom of the 8th over - 1 run, 1 hit, 0 errors, 3 left on base; Wisconsin Rapids 1 - Quincy 2 |
| TOP OF THE 9TH |
|
Wisconsin Rapids Timber Rattlers batting - Pitching for Quincy Cubs : LHP Ramon Mascorro
|
|
Pitching: RHP Philip Teston
|
|
|
Now at 3B: Curt Etchandy
|
|
|
Batting: LHB Greg Smith
|
0-0: Ball 1-0: Ball 2-0: Called Strike 2-1: Ball 3-1: Base on Balls
|
|
Batting: RHB Phil Lombardi
|
0-0: Ball 1-0: Swinging Strike 1-1: Ball 2-1: Grounds into double play, 4-6-3 (Groundball, 34, EV 110.6 MPH)
|
|
Batting: LHB Jerry George
|
0-0: Called Strike 0-1: Ball 1-1: Ground out 6-3 (Groundball, 6S, EV 90.0 MPH)
|
| Top of the 9th over - 0 runs, 0 hits, 0 errors, 0 left on base; Wisconsin Rapids 1 - Quincy 2 |
|